Map: King's Cove LE

Players

RacoonAtir - Winner!

  • Race: Terran Terran
  • League: Gold
  • Spawn Location: 5:00

Sketchaphone

  • Race: Zerg Zerg
  • League: Gold
  • Spawn Location: 11:00

VOD

Have the link to the VOD?

Description

Time

  • Played on: Feb. 1, 2019, 7 p.m.
  • Length: 18:32
Show
View Real Time Build Order
Export as new Build Order

RacoonAtir Terran - Winner!

Build Orders:  

Get SALT Encoding   

  12  0:02  SCV  
  13  0:16  Supply Depot  
  13  0:19  SCV  
  14  0:31  SCV  
  15  0:40  Barracks  
  15  0:44  SCV  
  16  0:56  SCV  
  17  1:02  Barracks  
  17  1:09  SCV  
  18  1:16  Supply Depot  
  18  1:21  SCV  
  19  1:33  SCV  
  20  1:43  Supply Depot  
  20  1:45  Marine, SCV  
  22  1:49  Marine  
  23  1:55  Refinery  
  23  2:02  Marine  
  23  2:06  Orbital Command  
  24  2:23  Marine x2  
  26  2:30  Refinery  
  26  2:34  SCV  
  27  2:48  Bunker  
  27  2:51  Bunker, Marine  
  27  2:52  Marine  
  29  3:02  Factory  
  29  3:09  Marine x2  
  31  3:27  Marine x2  
  33  3:45  Marine x2  
  35  3:54  Factory Tech Lab  
  35  4:03  Marine x2  
  36  4:20  Marine  
  37  4:33  Marine  
  38  4:38  Marine  
  37  4:47  Siege Tank  
  39  4:58  Supply Depot  
  39  5:02  Engineering Bay  
  39  5:03  Starport  
  39  5:18  Marine  
  39  5:19  SCV  
  39  5:20  Marine, Siege Tank  
  41  5:21  Supply Depot  
  39  5:31  SCV  
  40  5:36  Marine  
  40  5:37  Marine  
  42  5:44  SCV  
  43  5:53  Marine  
  45  6:01  Bunker  
  45  6:07  Barracks  
  45  6:08  Barracks Tech Lab  
  46  6:11  Widow Mine  
  46  6:23  Barracks Tech Lab  
  48  6:32  Widow Mine  
  48  6:33  Terran Infantry Weapons Level 1  
  48  6:36  Engineering Bay  
  48  6:38  SCV  
  48  6:39  Armory  
  49  6:40  Missile Turret  
  49  6:43  Missile Turret, Starport Tech Lab  
  49  6:45  Missile Turret  
  49  6:51  SCV  
  49  6:54  Widow Mine  
  52  6:55  Starport  
  52  7:03  SCV  
  52  7:07  Command Center  
  53  7:09  Missile Turret  
  53  7:15  SCV  
  54  7:22  Barracks Tech Lab, Factory  
  54  7:23  Marine  
  55  7:42  Starport Tech Lab  
  55  8:02  Missile Turret  
  55  8:03  Missile Turret  
  55  8:13  Factory Tech Lab  
  55  8:16  Factory  
  55  8:19  Banshee, Marine, SCV  
  60  8:26  Orbital Command, Supply Depot  
  60  8:31  SCV  
  61  8:43  SCV  
  61  8:44  Missile Turret  
  62  8:55  SCV  
  63  8:57  Marauder, Marine  
  63  8:58  Marine  
  67  9:04  Missile Turret  
  67  9:06  Bunker  
  67  9:07  SCV  
  68  9:15  Hellion x2  
  72  9:17  Factory Tech Lab  
  72  9:18  Combat Shield  
  72  9:25  Missile Turret x2  
  72  9:30  Missile Turret, SCV  
  73  9:32  SCV  
  73  10:03  SCV  
  73  10:04  SCV  
  73  10:06  Refinery  
  75  10:16  Supply Depot, SCV x2, Missile Turret  
  75  10:20  Terran Infantry Armor Level 1  
  77  10:28  SCV  
  78  10:29  Refinery  
  78  10:36  Cloaking Field  
  78  10:37  SCV, Missile Turret, Viking x2  
  78  10:40  SCV  
  84  10:49  SCV  
  85  10:52  SCV  
  86  11:41  Terran Infantry Weapons Level 2, Command Center  
  86  11:50  Command Center  
  86  11:53  Drilling Claws  
  86  12:15  Command Center  
  86  12:26  SCV  
  86  12:53  Marine x3, Siege Tank x3, SCV x2  
  86  12:55  Command Center  
  86  12:56  Planetary Fortress  
  100  13:02  Planetary Fortress  
  100  13:05  Missile Turret, SCV x2  
  102  13:10  Marine x2  
  102  13:11  Marine  
  105  13:17  SCV x2  
  107  13:20  Refinery  
  107  13:25  Hellion x2, Siege Tank  
  113  13:29  SCV  
  114  13:38  Marine  
  114  13:39  Marine  
  116  13:55  Marine  
  114  13:56  Marine x2  
  114  13:59  Siege Tank  
  114  14:02  Siege Tank  
  114  14:03  Siege Tank  
  112  14:13  Marine  
  112  14:14  Marine x2  
  106  14:31  Marine  
  107  14:32  Marine x2  
  104  14:48  Marine  
  104  14:50  Marine x2  
  104  15:06  Marine  
  105  15:18  Marine  
  105  15:19  Marine  
  107  15:23  Refinery, SCV  
  107  15:24  Marine, SCV x3  
  107  15:28  Refinery  
  112  15:29  Supply Depot  
  112  15:31  Supply Depot  
  112  15:34  Refinery, Planetary Fortress  
  112  15:35  SCV  
  112  15:36  Marine x2, SCV x3  
  112  15:37  Terran Infantry Armor Level 2, Terran Infantry Weapons Level 3  
  112  15:40  Terran Vehicle And Ship Armor Level 1  
  118  15:48  SCV  
  119  15:50  Ghost Academy  
  119  15:51  Ghost Academy  
  119  15:57  Refinery  
  119  16:03  Siege Tank x2  
  119  16:04  Siege Tank  
  128  16:05  Banshee x2  
  128  16:08  SCV x3  
  128  16:09  SCV  
  138  16:15  Marine x2  
  138  16:16  Marine  
  127  16:20  SCV x2  
  127  16:21  SCV  
  127  16:33  Marine x3  
  127  16:35  Missile Turret  
  127  16:36  Widow Mine x3  
  127  16:37  Missile Turret  
  136  16:41  Missile Turret  
  136  16:48  Banshee x2  
  136  16:51  Marine x3  
  145  16:56  Missile Turret  
  145  16:57  Missile Turret  
  145  17:02  Missile Turret  
  145  17:06  Concussive Shells  
  144  17:08  Smart Servos  
  144  17:09  Marine x2  
  144  17:15  Missile Turret  
  146  17:17  Missile Turret  
  146  17:22  Missile Turret  
  146  17:27  Marine x2  
  144  17:38  Widow Mine  
  144  17:40  SCV  
  147  17:59  Command Center  
  147  18:08  Supply Depot  
  147  18:10  Supply Depot  
Show
View Real Time Build Order
Export as new Build Order

Sketchaphone Zerg 

Build Orders: Hatch First 

Get SALT Encoding   

  12  0:02  Drone  
  13  0:13  Overlord  
  13  0:20  Drone  
  14  0:23  Extractor  
  14  0:24  Drone  
  15  0:34  Drone  
  16  0:37  Drone  
  17  0:57  Hatchery  
  17  1:03  Drone  
  17  1:05  Extractor  
  17  1:06  Drone  
  17  1:28  Spawning Pool  
  16  1:37  Drone  
  16  1:39  Drone x2  
  19  1:49  Drone  
  20  1:58  Overlord  
  20  2:21  Queen  
  21  2:22  Metabolic Boost  
  21  2:25  Zergling x2  
  21  2:28  Drone x2  
  24  2:30  Drone  
  24  2:31  Queen  
  24  2:35  Zergling x2  
  28  2:39  Drone  
  29  2:44  Spine Crawler  
  28  3:08  Spine Crawler, Drone x2  
  28  3:10  Roach Warren  
  28  3:16  Spine Crawler  
  27  3:20  Zergling x2  
  27  3:21  Zergling x4  
  30  3:29  Evolution Chamber  
  29  3:35  Zergling x2  
  29  3:36  Zergling x2  
  31  3:55  Zerg Melee Weapons Level 1  
  31  3:57  Overlord x2  
  31  3:58  Zergling x4  
  31  4:06  Spine Crawler  
  31  4:08  Spine Crawler  
  29  4:22  Zergling x6  
  32  4:29  Zergling x6  
  29  4:49  Roach x3  
  35  5:02  Drone  
  35  5:05  Overlord  
  36  5:10  Roach  
  36  5:11  Roach  
  32  5:44  Ravager  
  33  5:53  Overlord  
  33  5:55  Hatchery, Drone  
  33  5:56  Drone x2  
  33  6:21  Ravager  
  33  6:22  Ravager  
  35  6:29  Extractor  
  34  6:35  Drone x4  
  34  6:37  Zergling x4  
  40  7:01  Queen  
  38  7:08  Zerg Ground Armor Level 1  
  40  7:09  Queen  
  40  7:11  Overlord  
  40  7:12  Roach  
  40  7:14  Zergling x2  
  40  7:15  Zergling x4  
  46  7:37  Lair  
  43  7:58  Zergling x16  
  51  8:04  Queen  
  53  8:13  Drone x2  
  55  8:52  Roach x6  
  66  9:04  Zergling x4  
  66  9:05  Overlord  
  66  9:06  Overlord  
  66  9:07  Overlord x2  
  68  9:18  Zerg Ground Armor Level 2  
  41  9:48  Queen  
  45  10:07  Pneumatized Carapace  
  43  10:24  Drone x2  
  45  10:51  Hatchery  
  44  10:57  Drone  
  45  11:25  Spire  
  44  11:46  Drone  
  45  12:11  Queen  
  45  12:15  Drone x2  
  49  12:25  Queen  
  49  12:26  Queen  
  53  12:41  Drone x2  
  54  12:45  Zergling x12  
  60  13:42  Extractor  
  60  13:43  Extractor  
  49  14:12  Queen  
  49  14:13  Zergling x14  
  49  14:14  Zergling x26  
  61  14:23  Zergling x16  
  67  14:26  Spine Crawler  
  67  14:27  Spine Crawler  
  67  14:28  Spine Crawler  
  64  14:33  Spine Crawler  
  61  14:48  Nydus Network  
  55  14:58  Zergling x4  
  55  14:59  Zergling x2  
  55  15:03  Roach  
  55  15:04  Mutalisk x3  
  63  15:10  Drone  
  63  15:11  Drone  
  65  15:35  Nydus Canal  
  63  16:17  Zergling x42  
  66  16:25  Baneling Nest  
  65  16:26  Drone x2  
  56  16:47  Zergling x14  
  53  16:58  Drone  
  53  17:00  Drone  
  50  17:14  Zergling x4  
  50  17:15  Zergling x6  
  45  17:29  Zergling x10  
  50  17:34  Baneling x2  
  44  17:46  Mutalisk x2  
  45  17:56  Nydus Canal  
  45  18:02  Zergling x6  
  45  18:03  Zergling x2  
  45  18:04  Baneling  
Tags
 
League
GoldGold
Matchup
TvZ
Replay Pack
init
Spawn Locations
Cross Positions
Add a new tag
Caveats
  • Supply blocks, unpowered buildings, or Contaminate may cause inaccurate times.
  • Supply counts are checked every 10 seconds.